 Dungeon Crawl Stone Soup version 0.16-a0-2839-gd16e107 (webtiles) character file.

2808 M4edhros the Covert (level 9, -11/55 HPs)
             Began as an Octopode Artificer on Nov 29, 2014.
             Was a Priest of Okawaru.
             Mangled by a two-headed hydra (13 damage)
             ... on level 8 of the Dungeon.
             The game lasted 00:24:47 (6875 turns).

M4edhros the Covert (Octopode Artificer)            Turns: 6875, Time: 00:24:47

Health: -11/55     AC:  1    Str: 10    XL:     9   Next: 72%
Magic:  18/18      EV: 10    Int: 15    God:    Okawaru [***...]
Gold:   472        SH: 10    Dex: 13    Spells: 0 memorised, 15 levels left

rFire  . . .     SeeInvis .     z - +2 dagger (elec)
rCold  . . .     Clarity  .     v - +1 shield
rNeg   . . .     SustAb   .     (helmet restricted)
rPois  +         Gourm    +     B - amulet of the gourmand
rElec  .         Spirit   .     a - ring of Nowaxaes {+Inv rPois}
rCorr  .         Warding  .     (no ring)
rMut   .         Rnd*Tele +     (no ring)
MR     .....                    (no ring)
Stlth  +++++.....               (no ring)
                                (no ring)
                                (no ring)
                                (no ring)

@: not resistant to hostile enchantments, quite stealthy
A: almost no armour, amphibious, 8 rings, constrict 8, camouflage 1, dopey 1,
teleportitis 1, gelatinous body 1
a: Heroism, Renounce Religion, Evoke Invisibility


You were on level 8 of the Dungeon.
You worshipped Okawaru.
Okawaru was most pleased with you.
You were hungry.

You visited 2 branches of the dungeon, and saw 9 of its levels.

You collected 472 gold pieces.

Inventory:

Hand weapons
 r - a +2 short sword of electrocution
 z - a +2 dagger of electrocution (weapon)
Missiles
 h - 20 steel sling bullets
 E - 12 sling bullets of flame
Armour
 v - a +1 shield (worn)
Jewellery
 a - a ring of Nowaxaes (left tentacle) {+Inv rPois}
   (You found it on level 5 of the Dungeon)

   [ring of poison resistance]

   It protects you from poison.
   It lets you turn invisible.
 B - an amulet of the gourmand (around mantle)
Magical devices
 b - a wand of flame (0)
 c - a wand of enslavement (1)
 d - a wand of random effects (0)
 g - a wand of digging (8)
Scrolls
 e - 3 scrolls of noise {unknown}
 i - 2 scrolls of immolation {unknown}
 k - a scroll of magic mapping {unknown}
 m - 7 scrolls of remove curse
 o - a scroll of random uselessness
 p - 2 scrolls of fear
 u - 5 scrolls of enchant weapon
 x - a scroll of enchant armour
 y - a scroll of recharging
 A - a scroll of teleportation
 D - 3 scrolls of amnesia
 F - 2 scrolls of identify
Potions
 l - a potion of curing
Books
 q - a book of Battle

   Spells                             Type                      Level
   a - Infusion                       Charms                       1
   b - Shroud of Golubria             Charms/Translocation         2
   c - Song of Slaying                Charms                       2
   d - Spectral Weapon                Hexes/Charms                 3
   e - Regeneration                   Charms/Necromancy            3
 w - a book of Spatial Translocations

   Spells                             Type                      Level
   a - Apportation                    Translocation                1
   b - Blink                          Translocation                2
   c - Shroud of Golubria             Charms/Translocation         2
   d - Portal Projectile              Translocation                3
   e - Teleport Other                 Translocation                3
   f - Passage of Golubria            Translocation                4
 G - a book of Alchemy

   Spells                             Type                      Level
   a - Sublimation of Blood           Necromancy                   2
   b - Alistair's Intoxication        Transmutation/Poison         4
   c - Condensation Shield            Ice                          4
   d - Petrify                        Transmutation/Earth          4
   e - Ignite Poison                  Fire/Transmutation           5
   f - Irradiate                      Conjuration/Transmutation    5
Comestibles
 f - 4 bread rations
 j - 8 meat rations
 n - 2 fruits
 s - a beef jerky


   Skills:
 - Level 2.6 Fighting
 + Level 4.3 Short Blades
 - Level 2.0 Dodging
 + Level 8.5 Stealth
 * Level 6.2 Shields
 + Level 3.9 Spellcasting
 + Level 5.3 Invocations
 + Level 6.5 Evocations


You had 15 spell levels left.
You didn't know any spells.

Dungeon Overview and Level Annotations

Branches:
Dungeon (8/15)             Temple (1/1) D:4            Lair (0/8) D:8

Altars:
Ashenzari
Cheibriados
Dithmenos
Elyvilon
Fedhas
Gozag
Kikubaaqudgha
Makhleb
Nemelex Xobeh
Okawaru
Qazlal
Ru
Sif Muna
Trog
Vehumet
Xom
Yredelemnul
Zin
The Shining One


Innate Abilities, Weirdness & Mutations

You cannot wear most types of armour.
You are amphibious.
You can wear up to eight rings at the same time.
You can use your tentacles to constrict many enemies at once.
Your skin changes colour to match your surroundings (Stealth).
Your rubbery body absorbs attacks (AC +1).
You are dopey. (Int -2)
Space occasionally distorts in your vicinity.


Message History

The two-headed hydra easily resists.
This wand has 3 charges left.
You block the two-headed hydra's attack.
The two-headed hydra bites you!
* * * LOW HITPOINT WARNING * * *
Evoke which item? (* to show all) (? for menu, Esc to quit)
Zapping:
c - a wand of enslavement (3)
Press: ? - help, Shift-Dir - straight line, f/p - two-headed hydra
Aim: a two-headed hydra (severely wounded)
The two-headed hydra easily resists.
This wand has 2 charges left.
You block the two-headed hydra's attack.
The two-headed hydra bites you!
* * * LOW HITPOINT WARNING * * *
Evoke which item? (* to show all) (? for menu, Esc to quit)
Zapping:
c - a wand of enslavement (2)
Press: ? - help, Shift-Dir - straight line, f/p - two-headed hydra
Aim: a two-headed hydra (severely wounded)
The two-headed hydra easily resists.
This wand has 1 charge left.
You block the two-headed hydra's attack.
The two-headed hydra bites you!
You die...

# ## #. .###
#.###...# #.......#
## #.@..# .# #D##...#
##.# ####Y#####...
#.. #.≈.≈.≈PP# . ##.#
#.%%...≈P# ##[.#
#..P..P≈≈# ##..######
#.....KYP#
...........#..[.%P≈.#
......#### ##+++###Y#


You could see a two-headed hydra and a sheep.

Vanquished Creatures
  Pikel (D:7)
  An ice beast (D:8)
  4 orc warriors
  A sky beast (D:6)
  2 slaves (D:7)
  An ogre (D:4)
  A necrophage (D:8)
  A big kobold (D:8)
  A scorpion (D:4)
  3 vampire bats (D:7)
  4 killer bees (D:8)
  A jelly (D:5)
  3 crimson imps
  6 orc priests
  A hound (D:5)
  A giant frog skeleton (D:5)
  5 orc wizards
  4 iguanas
  A worker ant (D:8)
  A killer bee zombie (D:7)
  Robin (D:3)
  6 adders
  4 giant mites
  A worm (D:6)
  A shadow imp (D:6)
  A giant gecko (D:5)
  2 oozes
  18 orcs
  3 ball pythons
  13 bats
  4 bat skeletons (D:7)
  3 bat zombies (D:7)
  10 giant cockroaches
  22 goblins
  18 hobgoblins
  6 jackals
  19 kobolds
  A giant newt (D:2)
  2 quokkas
  2 quokka skeletons (D:5)
  14 rats
  A spectral orc (D:2)
  3 ballistomycetes
198 creatures vanquished.

Vanquished Creatures (collateral kills)
  2 big kobolds (D:8)
  3 killer bees (D:8)
  An orc priest (D:5)
  An adder (D:8)
  An orc (D:5)
  A giant spore (D:6)
9 creatures vanquished.

Vanquished Creatures (others)
  A yak (D:8)
  A killer bee (D:8)
  A giant cockroach (D:7)
  A giant spore (D:8)
4 creatures vanquished.

Grand Total: 211 creatures vanquished

Notes
Turn   | Place    | Note
--------------------------------------------------------------
     0 | D:1      | M4edhros, the Octopode Artificer, began the quest for the Orb.
     0 | D:1      | Reached XP level 1. HP: 13/13 MP: 1/1
   133 | D:1      | Reached XP level 2. HP: 11/18 MP: 3/3
   472 | D:3      | Reached skill level 4 in Stealth
   483 | D:3      | Reached XP level 3. HP: 23/23 MP: 4/4
   599 | D:4      | Noticed an ogre
   721 | D:4      | Found a staircase to the Ecumenical Temple.
   737 | Temple   | Entered the Ecumenical Temple
   818 | Temple   | Became a worshipper of Warmaster Okawaru
  1400 | D:1      | Reached skill level 5 in Stealth
  1634 | D:2      | Noticed Ijyb
  1641 | D:2      | Reached XP level 4. HP: 23/28 MP: 6/6
  1730 | D:2      | Noticed Ijyb
  1730 | D:2      | Ijyb changed into Ijyb the iguana
  2036 | D:2      | Killed Ijyb the iguana
  2131 | D:2      | Found a basalt altar of Yredelemnul.
  2208 | D:3      | Reached skill level 1 in Invocations
  2259 | D:3      | Noticed Robin
  2278 | D:3      | Killed Robin
  2278 | D:3      | Reached XP level 5. HP: 18/33 MP: 7/7
  2880 | D:4      | Reached skill level 1 in Shields
  2880 | D:4      | Reached skill level 1 in Spellcasting
  2988 | D:4      | Reached skill level 6 in Stealth
  3037 | D:4      | Killed an ogre
  3037 | D:4      | Reached XP level 6. HP: 26/39 MP: 9/9
  3297 | D:5      | Entered Level 5 of the Dungeon
  3388 | D:5      | Found a stormy altar of Qazlal.
  3390 | D:5      | Acquired Okawaru's first power
  3489 | D:5      | Reached XP level 7. HP: 26/45 MP: 11/11
  4016 | D:5      | Got a smoking golden ring
  4073 | D:6      | Identified a ring of Nowaxaes {+Inv rPois} (You found it on level 5 of the Dungeon)
  4170 | D:6      | Gained mutation: Space occasionally distorts in your vicinity. [mutagenic meat]
  4171 | D:6      | Gained mutation: You are dopey. (Int -2) [mutagenic meat]
  4429 | D:6      | Reached XP level 8. HP: 30/51 MP: 12/14
  4479 | D:6      | Found a glowing golden altar of the Shining One.
  4482 | D:6      | Found a radiant altar of Vehumet.
  4776 | D:6      | Found a shimmering altar of Xom.
  4886 | D:7      | Found a shattered altar of Ashenzari.
  5123 | D:7      | Noticed Pikel
  5174 | D:7      | Killed Pikel
  5174 | D:7      | Reached skill level 7 in Stealth
  5174 | D:7      | Reached skill level 5 in Evocations
  5423 | D:7      | Found a stormy altar of Qazlal.
  5583 | D:7      | Found an ancient bone altar of Kikubaaqudgha.
  5590 | D:7      | Reached skill level 5 in Shields
  5669 | D:8      | Reached XP level 9. HP: 36/55 MP: 15/18
  6443 | D:8      | Found a staircase to the Lair.
  6648 | D:8      | Reached skill level 8 in Stealth
  6648 | D:8      | Reached skill level 5 in Invocations
  6843 | D:8      | Noticed a two-headed hydra
  6874 | D:8      | HP: 2/55 [two-headed hydra (13)]
  6875 | D:8      | Mangled by a two-headed hydra

Action                   |  1- 3 |  4- 6 |  7- 9 || total
-------------------------+-------+-------+-------++-------
Melee: Short sword       |    59 |       |       ||    59
       Dagger            |    20 |    97 |   248 ||   365
Invok: Heroism           |       |     1 |     6 ||     7
Evoke: Wand              |     7 |    19 |    18 ||    44
  Use: Potion            |     2 |     5 |     7 ||    14
       Scroll            |       |       |    13 ||    13
 Stab: Sleeping          |    12 |    11 |    21 ||    44
       Distracted        |       |       |     1 ||     1
  Eat: Chunk             |     2 |     4 |    12 ||    18
       Pizza             |       |     1 |       ||     1
       Beef jerky        |       |       |     1 ||     1
